 Dungeon Crawl Stone Soup version 0.22-a0-423-g4197694 (webtiles) character file.

46 iamserjio the Ducker (level 3, 11/17 HPs)
             Began as a Felid Monk on May 23, 2018.
             Quit the game on level 3 of the Dungeon.
             The game lasted 00:06:49 (3172 turns).

iamserjio the Ducker (Felid Monk)                   Turns: 3172, Time: 00:06:50

Health: 11/17      AC:  1    Str:  7    XL:     3   Next: 46%
Magic:  4/4        EV: 21    Int: 12    God:
Gold:   95         SH:  0    Dex: 18    Spells: 2/2 levels left
                                        Lives:  0   Deaths: 1

rFire    . . .     SeeInvis +     - Unarmed
rCold    . . .     Gourm    .   (shield unavailable)
rNeg     . . .     Faith    .   (armour unavailable)
rPois    .         Spirit   .   (helmet unavailable)
rElec    .         Reflect  .   (cloak unavailable)
rCorr    .         Harm     .   (gloves unavailable)
MR       .....                  (boots unavailable)
Stlth    +++.......             (no amulet)
HPRegen  0.05/turn              (no ring)
MPRegen  0.09/turn              (no ring)

@: quick
A: very small, no armour, no weapons or thrown items, stealth, claws 1, fangs 3,
see invisible, carnivore, speed 1, shaggy fur 1, slow metabolism 1, sharp paws
a: no special abilities


You were on level 3 of the Dungeon.
You were full.

You visited 1 branch of the dungeon, and saw 3 of its levels.

You collected 95 gold pieces.

Inventory:

Missiles
 k - 19 arrows
Jewellery
 h - an uncursed amulet of rage {unknown}
 l - an uncursed ring of flight {unknown}
Scrolls
 c - a scroll of magic mapping {unknown}
 d - a scroll of teleportation {unknown}
 e - 2 scrolls of identify {unknown}
 i - a scroll of enchant armour {unknown}
Potions
 b - a potion of agility {unknown}
 f - a potion of curing {unknown}
 g - a potion of berserk rage {unknown}
 j - a potion of degeneration {unknown}
Comestibles
 a - 4 rations


   Skills:
 + Level 3.5 Fighting
 * Level 5.1 Dodging
 + Level 3.5 Stealth
 * Level 3.8 Unarmed Combat


You had 2 spell levels left.
You didn't know any spells.
Your spell library was empty.

Dungeon Overview and Level Annotations

Branches:
Dungeon (3/15)

Altars:
Fedhas

Annotations:
D:3 Findor's ghost, amateur OpTm


Innate Abilities, Weirdness & Mutations

You cannot wear armour.
You are incapable of wielding weapons or throwing items.
Your paws allow you to move quietly. (Stealth)
You have sharp claws.
You have razor-sharp teeth.
You have supernaturally acute eyesight. (SInv)
You are carnivorous and can eat meat at any time.
You cover ground quickly.
You are covered in fur. (AC +1)
You have a slow metabolism.
Your sharp claws are effective at attacking unaware monsters.


Message History

No target in view!
No target in view!
You see here an adder corpse.
l - a bronze ring A kobold comes into view.
It is wielding a whip.
An orc comes into view. It is wielding a dagger.
Found a scroll labeled XOL HENIMPANN.
There are monsters nearby! 2 gnolls come into view.
The gnoll shouts!
The kobold throws a stone.
The stone misses you.
The orc shouts!
A gnoll comes into view. It is wielding a spear.
The gnoll shouts!
The gnoll hits you from afar with a spear!
The gnoll barely misses you.
You can't grasp things well enough to throw them.
Okay, then.
Unknown command.
Are you sure you want to abandon this character and quit the game? (Confirm with "yes".)

♣.....♣♣ .......♣♣ #####
..._....♣ ..... ........♣♣
############....? .........♣
#................ .......♣.♣
#......##(....... ♣♣...♣♣♣♣♣
######.##........ ♣♣...♣♣
####.##........
♣.....♣♣♣♣♣###..@..go.......
##.[.(......##.##.##K..#####
#..........##.##.##...#
####'########....##...#
#####.#####†....####g..#
..........'.....+ g....
###########.....# ######
###'### ♣.♣♣♣


You could see a gnoll, an orc and a kobold.

Vanquished Creatures
  4 gnolls (D:2)
  2 adders
  A dart slug (D:1)
  2 leopard geckos (D:2)
  An orc (D:3)
  A bat (D:2)
  4 giant cockroaches
  3 goblins
  A hobgoblin (D:2)
  4 jackals
  4 frilled lizards
  3 kobolds
  5 rats
35 creatures vanquished.

Notes
Turn   | Place    | Note
-------+----------+-------------------------------------------
     0 | D:1      | iamserjio the Felid Monk began the quest for the Orb.
     0 | D:1      | Reached XP level 1. HP: 10/10 MP: 2/2
   455 | D:1      | Reached XP level 2. HP: 8/14 MP: 3/3
  2140 | D:2      | Reached XP level 3. HP: 15/17 MP: 4/4
  2354 | D:2      | Reached skill level 5 in Dodging
  2354 | D:2      | Reached XP level 4. HP: 21/21 MP: 5/5
  2646 | D:3      | Found a blossoming altar of Fedhas.
  3091 | D:3      | Noticed Findor's ghost (amateur OpTm)
  3128 | D:3      | Slain by Findor's ghost
  3129 | D:3      | Reached XP level 3. HP: 0/17 MP: 4/4
  3172 | D:3      | Quit the game

Vault maps used:
D:1:      minmay_arrival_four_houses, st_stairs_14
D:3:      kb_forest_paths, fedhas_altar_fruit_tree, first_ration

Skill      XL: |  1  2  3 |
---------------+----------+-----
Stealth        | 3 |  3.5
Dodging        | 5 |  5.1
Fighting       | |  3.5
Unarmed Combat | |  3.8

Action                   |  1- 3 |  4- 6 || total
-------------------------+-------+-------++-------
Melee: Unarmed           |    85 |    53 ||   138
       Bite              |     7 |     2 ||     9
       Punch             |       |     1 ||     1
 Stab: Sleeping          |     5 |     1 ||     6
       Distracted        |     2 |       ||     2
  Eat: Chunk             |     9 |     4 ||    13
Armor: Skin              |     4 |     3 ||     7
Dodge: Dodged            |    55 |    53 ||   108

Table legend:
 A = Spawn XP
 B = Non-spawn XP
 C = Spawn XP percentage of total XP
 D = Spawn monster count
 E = Non-spawn monster count
 F = Spawn count percentage of total count
 G = Total turns spent on level
                    A         B        C        D         E        F      G
               +---------+---------+-------+---------+---------+-------+---------
         Total |       0 |     133 |   0.0 |       0 |      35 |   0.0 |  3172
               +---------+---------+-------+---------+---------+-------+---------
           D:1 |       0 |      18 |   0.0 |       0 |      10 |   0.0 |  1493
           D:2 |       0 |      95 |   0.0 |       0 |      20 |   0.0 |  1413
           D:3 |       0 |      20 |   0.0 |       0 |       5 |   0.0 |   266
               +---------+---------+-------+---------+---------+-------+---------
